 Dungeon Crawl Stone Soup version 0.31-a0-232-gb1c03b2570 (webtiles) character file.

Game seed: 12174633101851026869

62 qw the Shooter (level 3, 0/29 HPs)
             Began as a Minotaur Hexslinger on July 7, 2023.
             Slain by a gnoll
             ... wielding a +0 spear
              (1 damage)
             ... on level 2 of the Dungeon.
             The game lasted 00:00:25 (1042 turns).

qw the Shooter (Minotaur Hexslinger)                Turns: 1042, Time: 00:00:25

Health: 0/29       AC:  3    Str: 12    XL:     3   Next: 85%
Magic:  3/3        EV: 12    Int: 10    God:
Gold:   28         SH:  0    Dex: 14    Spells: 3/4 levels left

rFire   . . .        Y - +1 sling
rCold   . . .        (no shield)
rNeg    . . .        i - +0 leather armour
rPois   .            (helmet restricted)
rElec   .            (no cloak)
rCorr   .            (no gloves)
SInv    .            (no boots)
Will    .....        (no amulet)
Stlth   +            (no ring)
HPRegen 0.24/turn    (no ring)
MPRegen 0.08/turn

%: no passive effects
@: no status effects
A: horns 2, retaliatory headbutt
a: no special abilities


You were on level 2 of the Dungeon.
You visited 1 branch of the dungeon, and saw 2 of its levels.

You collected 28 gold pieces.


Innate Abilities, Weirdness & Mutations

You have a pair of horns on your head.
You reflexively headbutt those who attack you in melee.


   Skills:
 - Level 2.0 Fighting
 + Level 4.4 Ranged Weapons
 - Level 2.1 Dodging
 - Level 1.0 Spellcasting
 - Level 2.0 Hexes


You had 3 spell levels left.
You knew the following spells:

 Your Spells              Type           Power      Damage    Failure   Level
a - Slow                  Hex            16%        N/A       19%         1

Your spell library contained the following spells:

 Spells                   Type           Power      Damage    Failure   Level
 Inner Flame              Hex/Fire       2%         N/A       65%         3
 Portal Projectile        Hex/Tloc       4%         N/A       65%         3
 Cause Fear               Hex            2%         N/A       88%         4

Inventory:

Hand Weapons
 Y - a +1 sling (weapon)
Armour
 b - a +0 cloak
 i - a +0 leather armour (worn)
Jewellery
 h - a ring of fire
Potions
 a - a potion of degeneration {unknown}
 c - a potion of magic {unknown}
 j - a potion of might {unknown}
 k - a potion of attraction {unknown}
 l - a potion of curing {unknown}

Dungeon Overview and Level Annotations

Branches:
Dungeon (2/15)

Altars:

Annotations:
D:2 exclusion: gnoll


Message History

A gnoll comes into view. It is wielding a +0 spear.
You shoot a sling bullet. The gnoll shouts!
The sling bullet hits the gnoll.
The gnoll is severely wounded.
The gnoll closely misses you.
You shoot a sling bullet.
The sling bullet closely misses the gnoll.
The gnoll hits you with a +0 whip!
You shoot a sling bullet.
The sling bullet hits the gnoll but does no damage.
The gnoll is severely wounded.
The gnoll hits you with a +0 whip.
You shoot a sling bullet. The sling bullet hits the gnoll.
The gnoll is severely wounded.
The gnoll hits you with a +0 whip.
The gnoll hits you from afar with a +0 spear.
The gnoll hits you with a +0 whip.
You shoot a sling bullet. The sling bullet hits the gnoll.
The gnoll is almost dead.
The gnoll barely misses you. You furiously retaliate!
You headbutt the gnoll!
You kill the gnoll!
The gnoll closely misses you.
You shoot a sling bullet.
The sling bullet closely misses the gnoll.
The gnoll hits you from afar with a +0 spear.
You shoot a sling bullet.
The sling bullet barely misses the gnoll.
The gnoll closely misses you.
You shoot a sling bullet. The sling bullet hits the gnoll.
The gnoll is moderately wounded.
The gnoll throws a stone.
The stone closely misses you.
The gnoll throws a stone.
The stone misses you.
You shoot a sling bullet.
The sling bullet completely misses the gnoll.
The gnoll hits you from afar with a +0 spear.
You shoot a sling bullet. The sling bullet hits the gnoll.
The gnoll is severely wounded.
The gnoll hits you from afar with a +0 spear.
You die...

...............#
....#.#.#
###......<.....#.#
#.#.#.#.#
#.........####.#
#.#.# #.........#
#.# #.........#
#.# #.........#
#.# #####'#...#
#.######. #.#.###
#.)g.....
#.########@#
#..........#
##########.# #.#
#.# #.# #.# #..
###


You could see a gnoll.

Vanquished Creatures
  3 gnolls (D:2)
  2 ball pythons (D:1)
  5 endoplasms (D:1)
  3 goblins (D:1)
  5 hobgoblins
  3 kobolds
  5 bats
  3 frilled lizards
  A rat (D:1)
30 creatures vanquished.

Notes
Turn   | Place    | Note
-------+----------+-------------------------------------------
     0 | D:1      | qw the Minotaur Hexslinger began the quest for the Orb.
     0 | D:1      | Reached XP level 1. HP: 16/16 MP: 1/1
     0 | D:1      | 0 ||| qw: Version: 0.3-a-46-gb1f654a
     0 | D:1      | 0 ||| qw: Game counter: 2987
     0 | D:1      | 0 ||| qw: Melee chars always use a shield: true
     0 | D:1      | 0 ||| qw: God list: Okawaru
     0 | D:1      | 0 ||| qw: Allow faded altars: false
     0 | D:1      | 0 ||| qw: Do Orc after clearing Dungeon:15 true
     0 | D:1      | 0 ||| qw: Do second Lair branch before Depths: true
     0 | D:1      | 0 ||| qw: Lair rune preference: random
     0 | D:1      | 0 ||| qw: Goals: Normal
     0 | D:1      | 0 ||| PLANNING D:1-11
   139 | D:1      | Reached skill level 3 in Ranged Weapons
   139 | D:1      | Reached XP level 2. HP: 23/23 MP: 2/2
   736 | D:1      | 736 ||| UPGRADING to +0 leather armour.
   746 | D:1      | 746 ||| DROPPING +0 robe.
   747 | D:1      | 747 ||| DROPPING ring of magical power.
   748 | D:1      | 748 ||| READING scroll labelled EQAINL UTROZY.
   749 | D:1      | 749 ||| READING scroll labelled KANEZO LAHASOU.
   750 | D:1      | 750 ||| READING scroll labelled MYVALU XAHAI.
   751 | D:1      | 751 ||| DROPPING scroll of poison.
   799 | D:2      | Reached XP level 3. HP: 29/29 MP: 3/3
   804 | D:2      | Found a faded altar of an unknown god.
   851 | D:2      | HP: 1/29 [gnoll/+2 heavy halberd (28)]
   856 | D:2      | 856 ||| FLEEEEING.
   857 | D:2      | 857 ||| FLEEEEING.
   859 | D:2      | Reached skill level 4 in Ranged Weapons
   861 | D:2      | 861 ||| STAIRDANCE
  1038 | D:2      | HP: 4/29 [gnoll/+0 spear (4)]
  1041 | D:2      | HP: 1/29 [gnoll/+0 spear (4)]
  1042 | D:2      | Slain by a gnoll

Levels and vault maps discovered:
D:1:      kilobyte_arrival_exit_the_forest, layout_rooms
D:2:      layout_basic, shapermc_ecumenical_altar_rom_forum, uniq_jessica

Skill      XL: |  1  2  3 |
---------------+----------+-----
Ranged Weapons | 3 4 |  4.4
Fighting       | 2 |  2.0
Dodging        | |  2.1
Spellcasting   | |  1.0
Hexes          | |  2.0

Action                     || total
---------------------------++-------
   Fire: Sling             ||    94
    Use: Scroll            ||     3
 Armour: Robe              ||     1
         Leather armour    ||     2
  Dodge: Dodged            ||    19

Table legend:
 A = Non-vault XP
 B = Vault XP
 C = Vault XP percentage of total XP
 D = Non-vault monster count
 E = Vault monster count
 F = Vault count percentage of total count
                 A         B        C        D         E       F
            +---------+---------+-------+---------+---------+-------
      Total |      89 |       0 |   0.0 |      30 |       0 |   0.0
            +---------+---------+-------+---------+---------+-------
        D:1 |      39 |       0 |   0.0 |      21 |       0 |   0.0
        D:2 |      50 |       0 |   0.0 |       9 |       0 |   0.0
            +---------+---------+-------+---------+---------+-------
